 Dungeon Crawl Stone Soup version 0.19.0-22-gd96e5fe (webtiles) character file.

381864 tsouns the Hoplite (level 21, -5/199 HPs)
             Began as a Minotaur Wanderer on Nov 19, 2016.
             Was the Champion of Makhleb.
             Killed from afar by a necromancer (18 damage)
             ... with a bolt of fire
             ... on level 5 of the Vaults.
             The game lasted 02:36:50 (41789 turns).

tsouns the Hoplite (Minotaur Wanderer)             Turns: 41789, Time: 02:36:50

Health: -5/199     AC: 39    Str: 25    XL:     21   Next: 91%
Magic:  31/31      EV: 17    Int: 10    God:    Makhleb [******]
Gold:   1250       SH: 29    Dex: 19    Spells: 2 memorised, 17 levels left

rFire  . . .     SeeInvis .     Q - +9 eveningstar (holy)
rCold  . . .     Gourm    .     M - +11 shadow dragon scales of Gluttony {Dex+3 Stlth++++}
rNeg   . . .     Faith    .     L - +0 large shield
rPois  .         Spirit   .     p - +1 hat
rElec  .         Reflect  +     B - +2 cloak {+Inv}
rCorr  .         Harm     .     Z - +2 pair of gloves
MR     ++...                    X - +1 pair of boots
Stlth  +++.......               C - +6 amulet of reflection
                                J - ring of protection from magic
                                c - +5 ring of strength

@: very slightly contaminated, heavily drained
A: retaliatory headbutt, horns 2
a: Minor Destruction, Lesser Servant of Makhleb, Major Destruction, Greater
Servant of Makhleb, Renounce Religion, Evoke Invisibility
}: 2/15 runes: serpentine, barnacled


You were on level 5 of the Vaults.
You worshipped Makhleb.
Makhleb was exalted by your worship.
You were not hungry.

You visited 8 branches of the dungeon, and saw 38 of its levels.
You also visited: Volcano.

You collected 4542 gold pieces.
You spent 3292 gold pieces at shops.

Inventory:

Hand Weapons
 h - a +2 eveningstar of crushing
 Q - a +9 eveningstar of holy wrath (weapon)
Missiles
 V - 32 javelins (quivered)
 W - 9 throwing nets
Armour
 p - a +1 hat (worn)
 w - +0 gold dragon scales
 B - a +2 cloak of invisibility (worn)
 L - a +0 large shield (worn)
 M - the +11 shadow dragon scales of Gluttony (worn) {Dex+3 Stlth++++}
   (You bought it in a shop on level 2 of the Orcish Mines)

   It affects your dexterity (+3).
   It makes you much more stealthy.
 X - a +1 pair of boots (worn)
 Z - a +2 pair of gloves (worn)
Jewellery
 a - an uncursed ring of see invisible
 c - a +5 ring of strength (left hand)
 m - an uncursed ring of protection from cold
 C - a +6 amulet of reflection (around neck)
 J - a ring of protection from magic (right hand)
Wands
 i - a wand of acid (9/15)
 l - a wand of digging (12/24)
 n - a wand of paralysis (10/24)
 t - a wand of disintegration (15/24)
 E - a wand of iceblast (12/15)
 F - a wand of teleportation (2/9)
 N - a wand of polymorph (4/24)
 R - a wand of lightning (8/15)
 S - a wand of iceblast (7/15)
Scrolls
 g - 12 scrolls of identify
 r - 21 scrolls of remove curse
 s - 2 scrolls of summoning
 v - a scroll of brand weapon
 x - 8 scrolls of fog
 y - 15 scrolls of teleportation
 D - a scroll of silence
 P - 6 scrolls of recharging
 T - 4 scrolls of fear
 U - 3 scrolls of magic mapping
Potions
 e - 4 potions of ambrosia
 j - 5 potions of resistance
 o - 7 potions of haste
 u - 9 potions of curing
 I - 5 potions of agility
 K - 4 potions of flight
 O - a potion of cure mutation
Miscellaneous
 b - a phial of floods
 A - a fan of gales
 H - a lamp of fire
Comestibles
 d - 8 bread rations
 k - 9 meat rations
 q - 43 fruits


   Skills:
 + Level 19.4(17.2) Fighting
 - Level 17.2(15.0) Maces & Flails
 - Level 17.4(15.2) Armour
 - Level 15.4(13.4) Dodging
 - Level 4.1(2.6) Stealth
 * Level 21.0(18.6) Shields
 + Level 15.0(13.0) Invocations
 - Level 11.0(9.1) Evocations


You had 17 spell levels left.
You knew the following spells:

 Your Spells              Type           Power        Failure   Level  Hunger
a - Animate Skeleton      Necr           N/A          100%        1    ##.....
b - Blink                 Tloc           N/A          100%        2    ###....


Dungeon Overview and Level Annotations

Branches:
Dungeon (15/15)            Temple (1/1) D:4            Lair (6/6) D:8
 Shoals (4/4) Lair:3        Snake (4/4) Lair:2        Slime (0/5) Lair:6
    Orc (2/2) D:12            Elf (1/3) Orc:2        Vaults (5/5) D:14
  Crypt (0/3) Vaults:3     Depths (0/5) D:15

Altars:
Fedhas
Hepliaklqana
Kikubaaqudgha
Makhleb
Nemelex Xobeh
Okawaru
Qazlal
Ru
Trog
Uskayaw
Vehumet
Jiyva

Shops:
D:7 =   Orc:2 [:*?

Portals:
Pandemonium: Orc:2
Trove: D:11 (give wand of heal wounds (9))

Annotations:
D:3 Sigmund
Lair:4 exclusion: 5 oklob plants


Innate Abilities, Weirdness & Mutations

You reflexively headbutt those who attack you in melee.
You have a pair of horns on your head.


Message History

The war gargoyle launches metal splinters at you.
The spray of metal splinters hits you!
* * * LOW HITPOINT WARNING * * *
The yaktaur captain shoots a bolt.
The bolt hits you but does no damage. You block the war gargoyle's attack.
You hear some strange, mumbled words.
An entropy weaver comes into view.
It is wielding a translucent long sword {venom}.
Unknown command.
A frost giant comes into view. It is wielding a battleaxe of freezing.
The frost giant shouts!
A deep elf demonologist comes into view.
It is wielding a long sword.
Okay, then.
Blink to where?
Press: ? - help, Dir - move target cursor You are very lightly contaminated with residual magic.
As you read the scroll of blinking, it crumbles to dust.
You hear some strange, mumbled words.
A bolt of fire appears from out of thin air!
The bolt of fire hits you!
You die...

#...#.c.## #....#O..##
#....e#...##
#......#...##
#.......#)..##
#......).#...##
#.....c2..#...##
#...:.....a#...##
#...........#@..#
..........X...O#...C...
....###################
.C. ..


You could see a tentacled monstrosity, a stone giant and 2 two-headed ogres.

Vanquished Creatures
  Margery (Vaults:5)
  Bai Suzhen (Vaults:4)
  2 golden dragons
  Rupert (Lair:2)
  3 tentacled monstrosities (Vaults:5)
  A titan (Vaults:4)
  The ghost of Monkaria the Executioner, an adept DDFi of Makhleb (Vaults:2)
  4 sphinxes
  5 tengu reavers
  4 storm dragons
  3 shadow dragons
  A revenant (Vaults:3)
  The ghost of 100P the Bludgeoner, an adept DsGl of Gozag (Shoals:2)
  Ilsuiw (Shoals:4)
  9 nagarajas
  A deep elf sorcerer (Vaults:5)
  2 fire giants
  4 frost giants
  An orc warlord (Vaults:3)
  An iron dragon (Vaults:5)
  A deep elf elementalist (Vaults:5)
  15 vault wardens
  13 ironheart preservers
  A ghoul (Vaults:2)
  A war gargoyle (Vaults:3)
  5 stone giants
  An entropy weaver (Vaults:3)
  3 very ugly things (Vaults:4)
  A vampire knight (Vaults:3)
  A deep elf annihilator (Vaults:2)
  2 deep elf demonologists
  6 ettins
  An eidolon (Vaults:3)
  2 merfolk javelineers (Shoals:4)
  4 fire dragons
  11 yaktaur captains
  13 merfolk impalers
  4 great orbs of eyes
  12 ogre magi
  41 vault guards
  2 deep elf high priests
  A rakshasa (Vaults:3)
  A ghost crab (shapeshifter) (Elf:1)
  12 hydras
  An alligator snapping turtle (Shoals:3)
  3 ice dragons (Vaults:3)
  2 catoblepae
  21 naga warriors
  9 merfolk aquamancers
  7 anacondas
  2 merfolk avatars
  6 centaur warriors
  An anaconda (shapeshifter) (Vaults:5)
  An alligator (shapeshifter) (Vaults:5)
  2 deep troll shamans
  A dancing weapon (Elf:1)
  2 vampire magi (Vaults:3)
  The ghost of Ladykiller69 the Cleaver, a novice FoFi of Cheibriados (D:12)
  12 death yaks
  4 death knights
  6 orc high priests
  Urug (Lair:5)
  8 naga sharpshooters
  Nergalle (Lair:3)
  Sonja (Orc:2)
  A storm dragon zombie (Vaults:3)
  2 salamander mystics
  8 deep elf knights
  A soul eater (Orc:2)
  3 shock serpents
  A fire crab (shapeshifter) (Vaults:1)
  2 skeletal warriors
  A shadow wraith (Vaults:4)
  10 deep trolls
  11 sea snakes
  A glowing orange brain (shapeshifter) (Vaults:3)
  3 glowing orange brains
  6 flayed ghosts
  An unseen horror (D:15)
  A sea snake (shapeshifter) (D:14)
  A swamp dragon (shapeshifter) (D:15)
  An infernal demonspawn (Orc:2)
  3 naga ritualists
  5 wizards
  A harpy (shapeshifter) (Vaults:5)
  11 ironbrand convokers
  20 orc knights
  6 phantasmal warriors
  2 gelid demonspawn (Orc:2)
  5 wolf spiders
  A kraken simulacrum (Shoals:4)
  7 mana vipers
  7 hill giants
  10 necromancers
  6 deep elf archers
  10 ugly things
  A wolf spider zombie (D:15)
  9 harpies
  19 deep elf magi
  9 fauns
  2 stone giant zombies
  A mana viper (shapeshifter) (Vaults:5)
  14 salamanders
  A tengu skeleton (Vaults:2)
  6 cyclopes
  9 orc sorcerers
  8 manticores
  A cyclops (shapeshifter) (Vaults:2)
  A frost giant zombie (Vaults:2)
  16 vault sentinels
  13 elephants (Lair:6)
  9 sirens
  4 guardian serpents
  A rust devil (Orc:2)
  Joseph (D:7)
  6 centaur zombies
  Maurice (D:10)
  3 water nymphs
  33 naga magi
  A water nymph (shapeshifter) (Vaults:4)
  2 gargoyles
  2 eyes of devastation (Vaults:3)
  17 black mambas
  13 spiny frogs
  4 centaur skeletons
  2 torpor snails
  The ghost of Duskembrace the Covert, a novice SpEn of Ashenzari (D:6)
  8 freezing wraiths
  A yaktaur zombie (Vaults:2)
  7 komodo dragons
  20 yaktaurs
  An efreet (D:15)
  A komodo dragon (shapeshifter) (Vaults:3)
  A rime drake (Lair:5)
  An ice devil (Orc:2)
  A harpy zombie (D:15)
  2 hellwings (Orc:2)
  24 merfolk
  2 polar bears (Lair:6)
  8 trolls
  3 wind drakes
  A troll (shapeshifter) (Vaults:3)
  31 two-headed ogres
  A jumping spider (shapeshifter) (Vaults:5)
  A wind drake (shapeshifter) (D:14)
  A hornet (Vaults:3)
  A wolf spider simulacrum (D:15)
  5 slime creatures
  A hippogriff (shapeshifter) (D:14)
  8 dream sheep
  Grinder (D:5)
  24 blink frogs
  A slime creature (shapeshifter) (Vaults:4)
  The ghost of Vajrapani the Ruffian, an amateur DrTm (D:4)
  15 hippogriffs
  4 snapping turtles
  3 human simulacra
  An ettin zombie (Vaults:2)
  A redback (Vaults:3)
  A ynoxinul (Orc:2)
  An air elemental (Elf:1)
  A centaur simulacrum (D:15)
  A vampire (D:15)
  A shadow (D:15)
  A human (shapeshifter) (Vaults:4)
  4 wyverns
  12 wraiths
  48 yaks
  18 humans (D:14)
  9 water elementals
  A basilisk (Lair:2)
  2 yaks (shapeshifter)
  5 hungry ghosts
  A steam dragon (D:13)
  A yaktaur simulacrum (Vaults:2)
  3 wargs
  A warg (shapeshifter) (Vaults:3)
  3 mottled dragons
  2 soldier ants
  52 nagas
  2 hell hounds (Lair:2)
  13 water moccasins
  Duvessa (D:4)
  4 porcupines
  4 ice beasts
  50 orc warriors
  A hornet zombie (D:14)
  57 ogres
  A phantom (D:12)
  6 sky beasts
  A sky beast (shapeshifter) (Elf:1)
  An eye of draining (D:15)
  A necrophage (D:9)
  A black bear (D:6)
  6 wolves
  28 centaurs
  5 crocodiles
  4 big kobolds
  The ghost of Sapher the Conjurer, an amateur DECj (D:3)
  Blork the orc (D:4)
  18 bullfrogs
  Dowan (D:4)
  3 human skeletons
  A water moccasin skeleton (D:6)
  5 scorpions
  4 troll zombies (D:12)
  9 killer bees
  An elf simulacrum (Vaults:3)
  10 howler monkeys
  8 wights
  An electric eel (D:6)
  5 crimson imps
  3 bullfrog zombies
  A jelly (D:15)
  27 orc priests
  2 hounds
  2 bullfrog skeletons
  21 orc wizards
  4 iguanas
  Natasha (twice) (D:4)
  11 worker ants
  4 ogre zombies (D:12)
  A bullfrog simulacrum (D:10)
  A hound zombie (D:7)
  Robin (D:4)
  2 worker ant zombies
  5 gnolls
  17 adders
  2 shadow imps
  An ufetubus (Vaults:1)
  2 oozes (D:2)
  An adder zombie (D:8)
  An adder skeleton (D:5)
  A worm (D:2)
  3 dart slugs
  6 leopard geckos
  87 orcs
  4 ball pythons (D:3)
  3 giant cockroaches
  23 goblins
  10 hobgoblins
  4 jackals (D:10)
  3 quokkas
  A ball python skeleton (D:4)
  4 bats
  3 frilled lizards
  A goblin skeleton (D:12)
  5 goblin zombies (D:12)
  4 hobgoblin zombies (D:12)
  17 kobolds
  A leopard gecko skeleton (D:5)
  A leopard gecko zombie (D:5)
  4 orc skeletons (D:12)
  11 orc zombies (D:12)
  A quokka skeleton (D:7)
  A quokka zombie (D:7)
  8 rats
  A tentacle (Shoals:4)
1572 creatures vanquished.

Vanquished Creatures (collateral kills)
  A vault warden (Vaults:4)
  An ettin (Vaults:2)
  A deep elf knight (Elf:1)
  A sea snake (Shoals:4)
  A spiny frog (shapeshifter) (Vaults:2)
  A yaktaur (Vaults:4)
  A merfolk (Shoals:4)
  A warg (Vaults:4)
  An orc warrior (Vaults:4)
  An electric eel (D:6)
10 creatures vanquished.

Vanquished Creatures (others)
  A merfolk javelineer (Shoals:4)
  2 yaktaur captains
  A naga warrior (Snake:2)
  A merfolk aquamancer (Shoals:4)
  2 naga sharpshooters (Snake:4)
  A deep elf archer (Vaults:2)
  2 deep elf magi
  3 cyclopes
  A naga mage (Snake:4)
  5 yaktaurs
  A wind drake (shapeshifter) (Vaults:1)
  A fire elemental (Elf:1)
  A naga (Snake:4)
  4 centaurs
  A fungus (Lair:6)
  A plant (Shoals:4)
  3 tentacles (Shoals:4)
31 creatures vanquished.

Grand Total: 1613 creatures vanquished

Notes
Turn   | Place    | Note
-------+----------+-------------------------------------------
     0 | D:1      | tsouns the Minotaur Wanderer began the quest for the Orb.
     0 | D:1      | tsouns set off with: a +2 mace, a +0 ring mail, a +0 buckler, a bread ration
     0 | D:1      | Reached XP level 1. HP: 22/22 MP: 0/0
    91 | D:1      | Reached skill level 5 in Fighting
    91 | D:1      | Reached XP level 2. HP: 17/29 MP: 1/1
   590 | D:1      | Reached XP level 3. HP: 34/36 MP: 2/2
   964 | D:2      | Found a sparkling altar of Nemelex Xobeh.
  1192 | D:2      | Reached XP level 4. HP: 44/44 MP: 3/3
  1445 | D:3      | Noticed Sapher's ghost (amateur DECj)
  1462 | D:3      | Killed Sapher's ghost
  1462 | D:3      | Reached skill level 5 in Maces & Flails
  1462 | D:3      | Reached XP level 5. HP: 25/51 MP: 4/4
  2333 | D:3      | Noticed an ice beast
  2442 | D:3      | Killed an ice beast
  2442 | D:3      | Reached XP level 6. HP: 60/60 MP: 5/5
  2640 | D:4      | Noticed Sigmund
  2789 | D:4      | Noticed Vajrapani's ghost (amateur DrTm)
  2803 | D:4      | Killed Vajrapani's ghost
  2803 | D:4      | Reached XP level 7. HP: 39/68 MP: 6/6
  3147 | D:4      | Noticed Duvessa
  3150 | D:4      | Noticed Dowan
  3154 | D:4      | Found a staircase to the Ecumenical Temple.
  3181 | D:4      | Killed Duvessa
  3182 | D:4      | Killed Dowan
  3207 | Temple   | Entered the Ecumenical Temple
  3231 | Temple   | Became a worshipper of Makhleb the Destroyer
  3302 | D:4      | Noticed Natasha
  3309 | D:4      | Killed Natasha
  3372 | D:4      | Noticed Robin
  3396 | D:4      | Killed Robin
  3445 | D:4      | Noticed Natasha
  3451 | D:4      | Killed Natasha
  3482 | D:4      | Noticed Blork the orc
  3529 | D:4      | Killed Blork the orc
  3603 | D:4      | Found a sacrificial altar of Ru.
  3604 | D:4      | Found a radiant altar of Vehumet.
  3613 | D:4      | Found a hide-covered altar of Uskayaw.
  3773 | D:5      | Entered Level 5 of the Dungeon
  3886 | D:5      | Found a blossoming altar of Fedhas.
  3943 | D:5      | Reached XP level 8. HP: 73/78 MP: 7/7
  4128 | D:5      | Reached * piety under Makhleb
  4420 | D:5      | Noticed Grinder
  4429 | D:5      | Killed Grinder
  4931 | D:6      | Reached skill level 1 in Dodging
  5232 | D:6      | Reached skill level 10 in Maces & Flails
  5237 | D:6      | Identified the Tome of Damaging Dark Rituals
  5241 | D:6      | Learned a level 1 spell: Animate Skeleton
  5583 | D:6      | Found a stormy altar of Qazlal.
  5597 | D:6      | Noticed Duskembrace's ghost (novice SpEn)
  5621 | D:6      | Killed Duskembrace's ghost
  5621 | D:6      | Reached XP level 9. HP: 79/84 MP: 8/8
  6354 | D:7      | Reached ** piety under Makhleb
  6361 | D:7      | Reached skill level 5 in Armour
  6573 | D:7      | Noticed Joseph
  6585 | D:7      | Killed Joseph
  6633 | D:7      | Found Qicixumn's Jewellery Shop.
  6934 | D:8      | Reached skill level 5 in Dodging
  7067 | D:8      | Reached XP level 10. HP: 82/91 MP: 9/9
  7203 | D:8      | Found a staircase to the Lair.
  7289 | D:8      | Found an iron altar of Okawaru.
  7290 | D:8      | Found a bloodstained altar of Trog.
  7526 | Lair:1   | Entered Level 1 of the Lair of Beasts
  7653 | D:8      | Reached skill level 10 in Fighting
  8014 | Lair:1   | Noticed a spiny frog
  8021 | Lair:1   | Killed a spiny frog
  8044 | Lair:1   | Noticed a spiny frog
  8059 | Lair:1   | Killed a spiny frog
  8549 | Lair:1   | Noticed a spiny frog
  8567 | Lair:1   | Killed a spiny frog
  8907 | Lair:2   | Identified a scroll of acquirement
  9079 | Lair:2   | Found a staircase to the Snake Pit.
  9093 | Lair:2   | Reached skill level 2 in Shields
  9096 | Lair:2   | Reached *** piety under Makhleb
  9115 | Lair:2   | Reached XP level 11. HP: 94/101 MP: 10/10
  9185 | Lair:2   | Noticed a seven-headed hydra
  9192 | Lair:2   | Killed a seven-headed hydra
  9301 | Lair:2   | Reached skill level 3 in Shields
  9349 | Lair:2   | Found a dark tunnel.
  9361 | Volcano  | Entered a volcano
  9361 | Volcano  | Noticed dobroeutro's ghost (journeyman SpEn)
  9841 | Lair:3   | Noticed a four-headed hydra
  9873 | Lair:3   | Killed a four-headed hydra
  9878 | Lair:3   | Reached skill level 4 in Shields
 10048 | Lair:3   | Found a staircase to the Shoals.
 10087 | Lair:3   | Noticed a six-headed hydra
 10095 | Lair:3   | Killed a six-headed hydra
 10202 | Lair:3   | Reached skill level 15 in Maces & Flails
 10213 | Lair:3   | Reached skill level 5 in Shields
 10241 | Lair:3   | Reached **** piety under Makhleb
 10254 | Lair:3   | Noticed Rupert
 10294 | Lair:4   | Learned a level 2 spell: Blink
 10484 | Lair:4   | Reached XP level 12. HP: 111/111 MP: 11/11
 11073 | Lair:5   | Reached skill level 10 in Armour
 11165 | Lair:5   | Reached skill level 6 in Shields
 11362 | Lair:5   | Noticed Urug
 11373 | Lair:5   | Killed Urug
 11414 | Lair:5   | Noticed a seven-headed hydra
 11423 | Lair:5   | Killed a seven-headed hydra
 11452 | Lair:5   | Noticed a death yak
 11464 | Lair:5   | Killed a death yak
 11472 | Lair:5   | Noticed a death yak
 11473 | Lair:5   | Noticed a death yak
 11474 | Lair:5   | Noticed a death yak
 11482 | Lair:5   | Noticed a death yak
 11490 | Lair:5   | Killed a death yak
 11494 | Lair:5   | Killed a death yak
 11501 | Lair:5   | Killed a death yak
 11502 | Lair:5   | Noticed a death yak
 11508 | Lair:5   | Killed a death yak
 11508 | Lair:5   | Reached skill level 7 in Shields
 11516 | Lair:5   | Killed a death yak
 11966 | Lair:6   | Entered Level 6 of the Lair of Beasts
 11975 | Lair:6   | Reached skill level 1 in Invocations
 11975 | Lair:6   | Reached skill level 1 in Evocations
 11976 | Lair:6   | Noticed a seven-headed hydra
 12043 | Lair:5   | Killed a seven-headed hydra
 12043 | Lair:5   | Reached XP level 13. HP: 99/119 MP: 11/13
 12194 | Lair:6   | Reached ***** piety under Makhleb
 12351 | Lair:6   | Got a slimy chain mail
 12376 | Lair:6   | Identified the cursed +0 chain mail "Ahueskeda" {Int+7 Dex-5} (You found it on level 6 of the Lair of Beasts)
 12520 | Lair:6   | Found a staircase to the Slime Pits.
 12520 | Lair:6   | Found a viscous altar of Jiyva.
 12860 | Lair:6   | Reached skill level 10 in Dodging
 13238 | Lair:3   | Noticed Nergalle
 13257 | Lair:3   | Killed Nergalle
 13709 | D:9      | Reached XP level 14. HP: 130/130 MP: 16/16
 14113 | D:9      | Found an ancient bone altar of Kikubaaqudgha.
 14219 | D:10     | Entered Level 10 of the Dungeon
 14338 | D:10     | Reached skill level 5 in Invocations
 14394 | D:10     | Noticed Maurice
 14398 | D:10     | Killed Maurice
 14560 | D:10     | Reached ****** piety under Makhleb
 15087 | D:11     | Reached skill level 5 in Evocations
 15090 | D:11     | Found a sparkling altar of Nemelex Xobeh.
 15722 | D:11     | Found a portal to a secret trove of treasure.
 15817 | D:12     | Found a staircase to the Orcish Mines.
 16443 | D:12     | Noticed Ladykiller69's ghost (novice FoFi)
 16450 | D:12     | Killed Ladykiller69's ghost
 17313 | D:13     | Found a hazy altar of Hepliaklqana.
 17882 | D:14     | Found a gate to the Vaults.
 18347 | D:14     | Identified the Reference Book on Doomed Execration
 18672 | D:15     | Entered Level 15 of the Dungeon
 18679 | D:15     | Reached XP level 15. HP: 139/139 MP: 19/19
 19201 | D:15     | Reached skill level 15 in Fighting
 19398 | D:15     | Found a sacrificial altar of Ru.
 19802 | D:15     | Found a blossoming altar of Fedhas.
 20049 | D:15     | Found a staircase to the Depths.
 20603 | Orc:1    | Entered Level 1 of the Orcish Mines
 20963 | Orc:2    | Entered Level 2 of the Orcish Mines
 21081 | Orc:2    | Found Juvvobeg's General Store.
 21098 | Orc:2    | Found Suwneeb's Magic Scroll Shoppe.
 21179 | Orc:2    | Bought a scroll of teleportation for 39 gold pieces
 21179 | Orc:2    | Bought a potion of curing for 39 gold pieces
 21181 | Orc:2    | Bought a scroll of blinking for 105 gold pieces
 21181 | Orc:2    | Bought a scroll of fear for 49 gold pieces
 21382 | Orc:2    | Found Riddopruarph's Antique Armour Boutique.
 21382 | Orc:2    | Found a one-way gate leading to the halls of Pandemonium.
 21382 | Orc:2    | Found Tiocab's Book Shop.
 21635 | Orc:2    | Noticed Sonja
 21652 | Orc:2    | Killed Sonja
 21796 | Orc:2    | Found a staircase to the Elven Halls.
 22162 | Elf:1    | Entered Level 1 of the Elven Halls
 22290 | Elf:1    | Reached XP level 16. HP: 137/151 MP: 21/21
 22505 | Elf:1    | Reached skill level 15 in Armour
 22620 | Elf:1    | HP: 5/151 [glaive of freezing (8)]
 22621 | Elf:1    | HP: 2/151 [deep elf mage/bolt of negative energy (35)]
 23420 | Snake:1  | Entered Level 1 of the Snake Pit
 25372 | Snake:3  | Reached skill level 10 in Invocations
 26296 | Snake:4  | Entered Level 4 of the Snake Pit
 26475 | Lair:2   | Killed Rupert
 26515 | Shoals:1 | Entered Level 1 of the Shoals
 26537 | Shoals:1 | Reached skill level 8 in Shields
 26557 | Shoals:1 | Reached XP level 17. HP: 121/160 MP: 24/24
 27009 | Shoals:1 | Reached skill level 9 in Shields
 27445 | Shoals:2 | Noticed 100P's ghost (adept DsGl)
 27476 | Shoals:2 | Killed 100P's ghost
 27589 | Shoals:2 | Reached skill level 10 in Shields
 28460 | Shoals:4 | Entered Level 4 of the Shoals
 28496 | Shoals:4 | Reached skill level 11 in Shields
 29114 | Shoals:4 | Noticed Ilsuiw
 29151 | Shoals:4 | Killed Ilsuiw
 29232 | Shoals:4 | Reached skill level 12 in Shields
 29275 | Shoals:4 | Got a barnacled rune of Zot
 29935 | Snake:4  | Reached XP level 18. HP: 53/168 MP: 26/26
 29948 | Snake:4  | HP: 8/168 [naga warrior/mace of draining (4)]
 30383 | Snake:4  | Reached skill level 13 in Shields
 31319 | Orc:2    | Bought warped shadow dragon scales for 3060 gold pieces
 31319 | Orc:2    | Identified the +11 shadow dragon scales of Gluttony {Dex+3 Stlth++++} (You bought it in a shop on level 2 of the Orcish Mines)
 31823 | Snake:4  | Reached skill level 10 in Evocations
 32017 | Snake:4  | Got a serpentine rune of Zot
 32078 | Snake:4  | Reached skill level 14 in Shields
 32223 | Snake:4  | Got an ichor-stained great mace {speed}
 32224 | Snake:4  | Identified the cursed +0 great mace of Qocim {speed, rN+++ MR+ Str+2 Dex-5} (You took it off a naga on level 4 of the Snake Pit)
 32844 | Vaults:1 | Entered Level 1 of the Vaults
 33248 | Vaults:1 | Reached skill level 15 in Shields
 34082 | Vaults:2 | Noticed Monkaria's ghost (adept DDFi)
 34616 | Vaults:2 | Killed Monkaria's ghost
 34616 | Vaults:2 | Reached XP level 19. HP: 174/174 MP: 28/28
 35067 | Vaults:2 | Reached skill level 16 in Shields
 36468 | Vaults:3 | Reached skill level 17 in Shields
 36910 | Vaults:3 | Found a staircase to the Crypt.
 37191 | Vaults:3 | Reached XP level 20. HP: 153/184 MP: 29/29
 37411 | Vaults:3 | Noticed a golden dragon
 37741 | Vaults:2 | Killed a golden dragon
 38075 | Vaults:3 | Reached skill level 18 in Shields
 38577 | Vaults:4 | Reached skill level 15 in Dodging
 38750 | Vaults:4 | Noticed Bai Suzhen
 38779 | Vaults:4 | Killed Bai Suzhen
 39429 | Vaults:4 | Got a twisted scale mail
 39430 | Vaults:4 | Identified the +4 scale mail "Ecyrph" {Str+9 Dex-5} (You found it on level 4 of the Vaults)
 39935 | Vaults:5 | Entered Level 5 of the Vaults
 39936 | Vaults:5 | Noticed a golden dragon
 39945 | Vaults:5 | Reached skill level 19 in Shields
 39948 | Vaults:5 | Killed a golden dragon
 39965 | Vaults:5 | Reached XP level 21. HP: 194/195 MP: 30/30
 39999 | Vaults:5 | Noticed Margery
 40103 | Vaults:5 | Killed Margery
 40643 | Vaults:4 | Reached skill level 20 in Shields
 41384 | Vaults:4 | Got a steaming golden ring
 41393 | Vaults:4 | Identified the ring of Jealousy {*Tele rPois rF+ MR+ Str-5} (You took it off a tengu reaver on level 4 of the Vaults)
 41542 | Vaults:5 | Reached skill level 15 in Invocations
 41734 | Vaults:5 | Noticed an ancient lich
 41778 | Vaults:5 | HP: 7/199 [ettin/dire flail (22)]
 41783 | Vaults:5 | Reached skill level 21 in Shields
 41789 | Vaults:5 | Killed from afar by a necromancer

Skill      XL: |  1  2  3  4  5  6  7  8  9 10 11 12 13 14 15 16 17 18 19 20 21 |
---------------+----------------------------------------------------------------+-----
Fighting       | 5 6 7 8 9 10 11 12 13 14 16 17 18 19 | 19.4
Maces & Flails | 3 4 5 6 7 8 10 12 14 15 16 17 | 17.2
Dodging        | 3 5 7 8 10 11 12 13 14 15 | 15.4
Armour         | 4 6 8 9 11 12 13 14 15 16 17 | 17.4
Shields        | 2 5 7 8 12 15 17 19 21 | 21.0
Invocations    | 1 4 7 8 10 12 13 14 15 | 15.0
Evocations     | 1 4 6 7 9 10 11 | 11.0
Stealth        | 2 4 |  4.1

Action                   |  1- 3 |  4- 6 |  7- 9 | 10-12 | 13-15 | 16-18 | 19-21 || total
-------------------------+-------+-------+-------+-------+-------+-------+-------++-------
Melee: Mace              |    78 |    48 |       |    21 |       |       |       ||   147
       Headbutt          |     8 |    14 |    38 |   103 |   283 |   437 |   542 ||  1425
       Morningstar       |       |    81 |   296 |    61 |       |       |       ||   438
       Dire flail        |       |       |    21 |    55 |       |       |       ||    76
       Eveningstar       |       |       |       |   344 |  1393 |  1738 |  1636 ||  5111
Throw: Tomahawk          |       |       |     4 |     5 |       |       |       ||     9
Invok: Major Destruction |       |       |       |       |     1 |     6 |       ||     7
       Lesser Servant of |       |       |       |       |       |     2 |       ||     2
       Greater Servant o |       |       |       |       |       |     3 |     3 ||     6
Evoke: Wand              |       |     2 |    14 |     2 |     3 |     9 |     3 ||    33
       Lamp of fire      |       |       |       |       |       |     1 |     7 ||     8
       Fan of gales      |       |       |       |       |       |       |     1 ||     1
       Phial of floods   |       |       |       |       |       |       |     1 ||     1
  Use: Scroll            |       |       |    23 |    10 |    14 |    19 |    13 ||    79
       Potion            |       |       |     7 |     1 |       |    11 |    11 ||    30
 Stab: Paralysed         |       |       |     2 |       |       |       |       ||     2
       Invisible         |       |       |       |     2 |       |       |       ||     2
       Distracted        |       |       |       |     1 |       |     5 |     1 ||     7
       Sleeping          |       |       |       |       |       |     2 |     5 ||     7
       Petrified         |       |       |       |       |       |       |     1 ||     1
  Eat: Chunk             |     1 |     5 |    12 |    12 |     8 |     5 |     2 ||    45
       Beef jerky        |       |       |     2 |     1 |     3 |       |     3 ||     9
       Pizza             |       |       |     2 |     1 |     1 |       |       ||     4
       Royal jelly       |       |       |       |     1 |     3 |     1 |       ||     5
       Meat ration       |       |       |       |       |     3 |     5 |     2 ||    10
       Bread ration      |       |       |       |       |       |     2 |     1 ||     3
       Fruit             |       |       |       |       |       |       |     7 ||     7
Armor: Ring mail         |    18 |     2 |       |       |       |       |       ||    20
       Scale mail        |       |    61 |    73 |    13 |       |       |       ||   147
       Plate armour      |       |       |       |   166 |   438 |   416 |       ||  1020
       Shadow dragon sca |       |       |       |       |       |    76 |   150 ||   226
       Gold dragon scale |       |       |       |       |       |       |   204 ||   204
Dodge: Dodged            |    42 |    39 |   119 |   146 |   416 |   431 |   366 ||  1559
Block: Buckler           |     7 |    10 |    48 |   166 |   553 |   203 |       ||   987
       Other             |       |       |     6 |    20 |       |       |       ||    26
       Reflection        |       |       |     1 |     8 |    30 |   198 |   104 ||   341
       Large shield      |       |       |       |       |       |  1456 |  1732 ||  3188
